 Dungeon Crawl Stone Soup version 0.24-a0-335-g06ca16a (webtiles) character file.

Game seed: 6846481117489457175

2273 Borgoz the Cutter (level 9, -2/55 HPs)
             Began as a Gargoyle Gladiator on May 18, 2019.
             Was an Initiate of Ashenzari.
             Killed by divine providence
             ... invoked by an orc priest
              (15 damage)
             ... on level 7 of the Dungeon.
             The game lasted 00:09:06 (6096 turns).

Borgoz the Cutter (Gargoyle Gladiator)              Turns: 6096, Time: 00:09:06

Health: -2/55      AC: 18    Str: 19    XL:     9   Next: 38%
Magic:  9/9        EV: 13    Int: 12    God:    Ashenzari [......]
Gold:   354        SH:  0    Dex: 13    Spells: 8/8 levels left

rFire    . . .     SeeInvis .   a - +0 rapier
rCold    + . .     Gourm    .   (no shield)
rNeg     + . .     Faith    .   m - +0 scale mail
rPois    ∞         Spirit   .   c - +0 helmet
rElec    +         Reflect  .   (no cloak)
rCorr    .         Harm     .   K - +2 pair of gloves
MR       .....                  (no boots)
Stlth    ..........             (no amulet)
HPRegen  0.18/turn              e - ring of protection from cold
MPRegen  0.11/turn              G - +3 ring of intelligence

@: no status effects
A: negative energy resistance 1, electricity resistance, unbreathing,
petrification resistance, rot immunity, AC +6
a: Curse Item, Renounce Religion


You were on level 7 of the Dungeon.
You worshipped Ashenzari.
Ashenzari was noncommittal.
You were hungry.

You visited 2 branches of the dungeon, and saw 8 of its levels.
You also visited: Ossuary.

You collected 354 gold pieces.

Inventory:

Hand Weapons
 a - a +0 rapier (weapon)
Missiles
 d - a throwing net (quivered)
Armour
 c - a +0 helmet (worn)
 m - a +0 scale mail (worn)
 K - a +2 pair of gloves (worn)
Jewellery
 e - a ring of protection from cold (left hand)
 o - an uncursed ring of flight
 G - a +3 ring of intelligence (right hand)
Wands
 q - a wand of scattershot (7)
 s - a wand of paralysis (3)
 y - a wand of random effects (22)
Scrolls
 b - 6 scrolls of teleportation {unknown}
 g - 6 scrolls of remove curse
 h - a scroll of blinking {unknown}
 i - a scroll of enchant armour
 k - a scroll of fear {unknown}
 p - a scroll of amnesia {unknown}
 r - 2 scrolls of enchant weapon {unknown}
 t - a scroll of fog {unknown}
 C - a scroll of immolation {unknown}
 I - a scroll of random uselessness {unknown}
Potions
 j - 6 potions of curing
 l - 4 potions of magic
 n - 3 potions of invisibility
 u - a potion of ambrosia {unknown}
 v - a potion of cancellation {unknown}
 w - 2 potions of heal wounds {unknown}
 x - a potion of resistance {unknown}
 z - 3 potions of flight
 A - a potion of agility {unknown}
 B - 4 potions of might
 D - 2 potions of lignification
 E - 2 potions of degeneration {unknown}
 H - 2 potions of mutation {unknown}
Comestibles
 f - 14 rations
 F - a chunk of flesh


   Skills:
 + Level 5.7 Fighting
 * Level 7.0 Short Blades
 - Level 1.7 Throwing
 + Level 5.2 Armour
 * Level 6.4 Dodging


You had 8 spell levels left.
You didn't know any spells.
Your spell library contained the following spells:

 Spells                   Type           Power        Failure   Level  Hunger
 Animate Skeleton         Necr           N/A          67%         1    ##.....
 Confusing Touch          Hex            #.....       67%         1    ##.....
 Freeze                   Ice            #...         67%         1    ##.....
 Pain                     Necr           #...         67%         1    ##.....
 Throw Frost              Conj/Ice       #.....       80%         2    ###....
 Ozocubu's Armour         Chrm/Ice       #.......     95%         3    ####...
 Regeneration             Chrm/Necr      #.........   95%         3    ####...
 Vampiric Draining        Necr           #.........   95%         3    ####...
 Animate Dead             Necr           N/A          100%        4    #####..
 Summon Ice Beast         Ice/Summ       #.......     100%        4    #####..
 Throw Icicle             Conj/Ice       #.......     100%        4    #####..


Dungeon Overview and Level Annotations

Branches:
Dungeon (7/15)             Temple (1/1) D:7

Altars:
Ashenzari
Dithmenos
Elyvilon
Fedhas
Gozag
Hepliaklqana
Kikubaaqudgha
Nemelex Xobeh
Okawaru
Ru
Sif Muna
Uskayaw
Vehumet
Wu Jian
Yredelemnul
The Shining One


Innate Abilities, Weirdness & Mutations

You are resistant to torment.
Your stone body is resilient. (AC +6)
You are immune to poison.
You resist negative energy. (rN+)
You are resistant to electric shocks. (rElec)
You can survive without breathing.
You are immune to petrification.
You are immune to rotting.


Message History

The orc priest looks braver for a moment.
You hit the orc priest.
The orc priest is severely wounded.
The orc priest calls down the wrath of Beogh upon you.
Beogh smites you!
* * * LOW HITPOINT WARNING * * *
The orc priest looks satisfied for a moment.
You hear a shout!
You puncture the orc priest!
You kill the orc priest!
The orc hits you.
* * * LOW HITPOINT WARNING * * *
You are too injured to fight recklessly!
An orc priest comes into view.
Things that are here:
an iguana skeleton; a hound corpse
Okay, then.
The orc priest invokes the aid of Beogh against you.
Beogh smites you!
You die...

#....# # #.#.##
#. #########.#.#
#.##.........#.#
#
#.#...........#
.##
#...##########
..# ##..#
#.###.#.#
.######.#@##.#
.......#o###.#
#[.......# #.#
....[..)......#
.......o........
..####.####.....
. #o ##.## #. #
#.


You could see 2 orc priests and an orc.

Vanquished Creatures
  A hippogriff (D:7)
  An ice beast (D:7)
  4 sky beasts
  A phantom (D:5)
  2 ogres (D:4)
  A centaur (D:6)
  3 water moccasin zombies (Ossuary)
  A water moccasin skeleton (D:2)
  5 scorpions
  A howler monkey (D:5)
  A bullfrog zombie (D:6)
  4 hounds
  An orc wizard (D:4)
  2 orc priests
  Jessica (D:2)
  4 iguanas
  3 worker ants
  3 big kobold zombies (Ossuary)
  2 mummies (Ossuary)
  A worker ant zombie (D:7)
  Robin (D:2)
  9 adders
  A shadow imp (D:6)
  2 oozes
  2 adder skeletons
  5 adder zombies (Ossuary)
  4 worms
  2 dart slugs
  11 orcs
  4 giant cockroaches
  3 gnoll zombies (Ossuary)
  10 goblins
  17 hobgoblins
  10 jackals
  2 quokkas
  2 ball pythons (D:4)
  A ball python skeleton (D:4)
  5 bats
  5 frilled lizards
  7 hobgoblin zombies (Ossuary)
  5 kobolds
  3 kobold zombies (Ossuary)
  4 orc zombies (Ossuary)
  7 rats
164 creatures vanquished.

Vanquished Creatures (others)
  An orc wizard (D:4)
1 creature vanquished.

Grand Total: 165 creatures vanquished

Notes
Turn   | Place    | Note
-------+----------+-------------------------------------------
     0 | D:1      | Borgoz the Gargoyle Gladiator began the quest for the Orb.
     0 | D:1      | Reached XP level 1. HP: 12/12 MP: 1/1
   123 | D:1      | Reached XP level 2. HP: 16/17 MP: 2/2
   515 | D:1      | Reached skill level 3 in Short Blades
   822 | D:2      | Reached skill level 1 in Armour
   844 | D:2      | Reached XP level 3. HP: 18/22 MP: 3/3
   945 | D:2      | Reached XP level 4. HP: 12/27 MP: 4/4
  1209 | D:2      | Noticed Jessica
  1216 | D:2      | Killed Jessica
  1216 | D:2      | Reached XP level 5. HP: 26/32 MP: 5/5
  1224 | D:2      | Noticed Robin
  1244 | D:2      | Killed Robin
  1891 | D:3      | Reached skill level 4 in Short Blades
  2102 | D:3      | Reached XP level 6. HP: 37/37 MP: 6/6
  2180 | D:3      | Found an ancient bone altar of Kikubaaqudgha.
  2180 | D:3      | Found a deep blue altar of Sif Muna.
  2182 | D:3      | Found a radiant altar of Vehumet.
  2186 | D:3      | Identified Sif Muna's Volume of Execration
  2521 | D:4      | Found a sand-covered staircase.
  2580 | Ossuary  | Entered an ossuary
  2730 | Ossuary  | Reached XP level 7. HP: 41/41 MP: 7/7
  3152 | D:4      | Reached skill level 5 in Short Blades
  3461 | D:4      | Reached XP level 8. HP: 33/48 MP: 8/8
  3469 | D:4      | Reached skill level 5 in Dodging
  3819 | D:5      | Entered Level 5 of the Dungeon
  4188 | D:5      | Reached skill level 6 in Short Blades
  4419 | D:5      | Found a sacrificial altar of Ru.
  4792 | D:6      | Reached skill level 5 in Fighting
  4995 | D:6      | Reached XP level 9. HP: 33/54 MP: 9/9
  5418 | D:6      | Found a sparkling altar of Nemelex Xobeh.
  5418 | D:6      | Found an iron altar of Okawaru.
  5659 | D:7      | Reached skill level 5 in Armour
  5701 | D:7      | Found a staircase to the Ecumenical Temple.
  5726 | D:7      | Reached skill level 7 in Short Blades
  5730 | Temple   | Entered the Ecumenical Temple
  5816 | Temple   | Became a worshipper of Ashenzari the Shackled
  6096 | D:7      | Killed from afar by an orc priest

Levels and vault maps discovered:
D:1:      dpeg_arrival_water_fire, layout_basic
D:2:      layout_basic, minmay_misc_feat_rows, uniq_robin, uniq_jessica
D:3:      layout_basic, grunt_temple_overflow_magic_moments, first_ration,
          minmay_randomly_rotated_circles
D:4:      layout_basic, nicolae_ossuary_entry_monument
D:5:      layout_basic, nicolae_ru_path_of_blood, kennysheep_generic_room_9
D:6:      layout_basic, gammafunk_temple_overflow_elements
D:7:      layout_loops_ring, grunt_temple_overflow_order_and_chaos_2,
          nicolae_overflow_hidden_temple, minmay_temple_entry_trees,
          serial_shops, nicolae_shop_waterfront, the_bakery, nzn_random_ring
Temple:   dpeg_chambers_temple

Skill      XL: |  1  2  3  4  5  6  7  8  9 |
---------------+----------------------------+-----
Short Blades   | 3 4 5 6 7 |  7.0
Armour         | 1 2 3 4 5 |  5.2
Dodging        | 3 4 5 6 |  6.4
Fighting       | 3 4 5 |  5.7
Throwing       | |  1.7

Action                   |  1- 3 |  4- 6 |  7- 9 || total
-------------------------+-------+-------+-------++-------
Melee: Rapier            |    86 |   328 |   563 ||   977
Throw: Throwing net      |       |     1 |     3 ||     4
  Use: Scroll            |     3 |       |     5 ||     8
       Potion            |       |     1 |       ||     1
 Stab: Held in net/web   |       |       |     3 ||     3
  Eat: Chunk             |       |     5 |     9 ||    14
       Ration            |       |     1 |       ||     1
Armor: Leather armour    |    12 |       |       ||    12
       Scale mail        |    14 |   218 |   268 ||   500
Dodge: Dodged            |    36 |   234 |   292 ||   562

Table legend:
 A = Non-vault XP
 B = Vault XP
 C = Vault XP percentage of total XP
 D = Non-vault monster count
 E = Vault monster count
 F = Vault count percentage of total count
                 A         B        C        D         E       F
            +---------+---------+-------+---------+---------+-------
      Total |    2753 |     495 |  15.2 |     118 |      47 |  28.5
            +---------+---------+-------+---------+---------+-------
        D:1 |      27 |       0 |   0.0 |      17 |       0 |   0.0
        D:2 |     138 |      68 |  33.0 |      30 |      11 |  26.8
        D:3 |      85 |      22 |  20.6 |      17 |       6 |  26.1
        D:4 |     563 |       0 |   0.0 |      22 |       0 |   0.0
        D:5 |     554 |       0 |   0.0 |      10 |       0 |   0.0
        D:6 |     726 |       0 |   0.0 |      13 |       0 |   0.0
        D:7 |     660 |       0 |   0.0 |       9 |       0 |   0.0
    Ossuary |       0 |     405 | 100.0 |       0 |      30 | 100.0
            +---------+---------+-------+---------+---------+-------
